 Dungeon Crawl Stone Soup version 0.30.1-4-g462c640d31 (webtiles) character file.

Game seed: 7337350620107825374

70260 Graphine the Spry (level 15, -9/120 HPs)
             Began as a Merfolk Gladiator on Aug 18, 2023.
             Was a High Priest of Sif Muna.
             Mangled by a merfolk
             ... wielding a +0 trident
              (18 damage)
             ... on level 2 of the Shoals.
             The game lasted 00:49:21 (18967 turns).

Graphine the Spry (Merfolk Gladiator)              Turns: 18967, Time: 00:49:22

Health: -9/120     AC: 17    Str: 21 (22) XL:     15   Next: 32%
Magic:  33/33      EV: 26    Int:  7 (8)  God:    Sif Muna [*****.]
Gold:   1785       SH: 14    Dex: 17      Spells: 14/14 levels left

rFire   + . .        I - +9 lance "Wyrmbane" {slay drac, rPois rF+ rC+ AC+3}
rCold   + . .        G - +0 kite shield {reflect}
rNeg    . . .        B - +2 leather armour of Qori Cac {rPois MP+9 Str+2 Slay+3}
rPois   +            c - +2 helmet
rElec   .            q - +2 cloak
rCorr   .            b - +2 pair of gloves {hurl}
SInv    .            (no boots)
Will    +....        J - amulet of reflection
Stlth   +            h - +4 ring of slaying
HPRegen 0.40/turn    l - +5 ring of evasion
MPRegen 0.23/turn

%: reflection
@: about to teleport, mesmerised, unable to read
A: (nimble swimmer 2), mertail, deterioration 1, inability to read after injury
1
a: Renounce Religion, Channel Magic, Forget Spell, Divine Exegesis


You were on level 2 of the Shoals.
You worshipped Sif Muna.
Sif Muna was extremely pleased with you.
You visited 3 branches of the dungeon, and saw 19 of its levels.
You also visited: Ossuary and Bailey.

You collected 1785 gold pieces.

Inventory:

Hand Weapons
 I - the +9 lance "Wyrmbane" (weapon) {slay drac, rPois rF+ rC+ AC+3}
   (You took it off Maggie on level 6 of the Dungeon)

   AC:        It affects your AC (+3).
   rF:        It protects you from fire.
   rC:        It protects you from cold.
   rPois:     It protects you from poison.
Missiles
 d - 5 throwing nets
 f - 37 poisoned darts
 m - 13 curare-tipped darts
 M - 4 boomerangs
 T - 4 javelins
Armour
 b - a +2 pair of gloves of hurling (worn)
 c - a +2 helmet (worn)
 q - a +2 cloak (worn)
 B - the +2 leather armour of Qori Cac (worn) {rPois MP+9 Str+2 Slay+3}
   (You found it on level 5 of the Lair of Beasts)

   Str:       It affects your strength (+2).
   Slay:      It affects your accuracy & damage with ranged weapons and melee
   (+3).
   rPois:     It protects you from poison.
   MP:        It affects your magic capacity (+9).
 G - a +0 kite shield of reflection (worn)
 P - the +3 leather armour of the Gastropod {Will+ rCorr Str-3}
   (You found it in a bailey)

   Str:       It affects your strength (-3).
   rCorr:     It protects you from acid and corrosion.
   Will:      It increases your willpower.
Magical Staves
 k - the staff of cold "Gagout" {rC+ Str+4}
   (You found it on level 5 of the Lair of Beasts)

   [staff of cold]

   Base accuracy: +5 Base damage: 5 Base attack delay: 1.2 This weapon's minimum
   attack delay (0.6) is reached at skill level 12.
   Str:       It affects your strength (+4).
   rC:        It protects you from cold.
   It falls into the 'Staves' category.
   It is a one-handed weapon.
Jewellery
 a - an amulet of guardian spirit
 g - a ring of flight
 h - a +4 ring of slaying (left hand)
 l - a +5 ring of evasion (right hand)
 F - a ring of positive energy
 J - an amulet of reflection (around neck)
 Q - an amulet of regeneration
 Z - a ring of protection from cold
Wands
 r - a wand of acid (7) (quivered)
 t - a wand of iceblast (25)
 E - a wand of flame (22)
 K - a wand of polymorph (2)
 O - a wand of mindburst (4)
Scrolls
 n - 5 scrolls of identify
 p - 2 scrolls of torment
 u - 5 scrolls of fog
 v - 2 scrolls of enchant armour
 y - 11 scrolls of teleportation
 z - a scroll of silence
 A - 2 scrolls of blinking
 C - 4 scrolls of fear
 N - a scroll of poison
 R - a scroll of amnesia
 W - a scroll of brand weapon
 X - 2 scrolls of enchant weapon
 Y - a scroll of magic mapping
Potions
 e - 2 potions of haste
 i - 3 potions of resistance
 j - 11 potions of curing
 o - 3 potions of brilliance
 s - a potion of magic
 w - 6 potions of heal wounds
 x - 5 potions of lignification
 D - a potion of attraction
 H - 3 potions of invisibility
 L - 7 potions of ambrosia
 U - 4 potions of might
 V - 3 potions of flight
Miscellaneous
 S - a box of beasts


   Skills:
 - Level 12.0 Fighting
 - Level 16.0 Polearms
 - Level 12.0 Throwing
 - Level 18.0 Dodging
 * Level 2.2 Shields
 * Level 13.0 Invocations


You had 14 spell levels left.
You didn't know any spells.
Your spell library contained the following spells:

 Spells                   Type           Power      Damage    Failure   Level
 Apportation              Tloc           0%         N/A       80%         1
 Foxfire                  Conj/Fire      0%         2x1d4     80%         1
 Freeze                   Ice            0%         1d3       80%         1
 Shock                    Conj/Air       0%         1d3       80%         1
 Summon Small Mammal      Summ           0%         N/A       80%         1
 Call Imp                 Summ           0%         N/A       90%         2
 Ensorcelled Hibernation  Hex/Ice        0%         N/A       90%         2
 Momentum Strike          Conj/Tloc      0%         3d8       90%         2
 Passwall                 Tmut/Erth      0%         N/A       90%         2
 Poisonous Vapours        Pois/Air       0%         N/A       90%         2
 Scorch                   Fire           0%         2d5       90%         2
 Static Discharge         Conj/Air       0%         2-2/arc   90%         2
 Sublimation of Blood     Necr           0%         N/A       90%         2
 Wereblood                Tmut           0%         N/A       90%         2
 Dazzling Flash           Conj/Hex       0%         N/A       99%         3
 Mephitic Cloud           Conj/Pois/Air  0%         N/A       99%         3
 Ozocubu's Armour         Ice            0%         N/A       99%         3
 Portal Projectile        Hex/Tloc       0%         N/A       99%         3
 Swiftness                Air            0%         N/A       99%         3
 Vhi's Electric Charge    Tloc/Air       0%         N/A       99%         3
 Volatile Blastmotes      Fire/Tloc      0%         2d10      99%         3
 Airstrike                Air            0%         2d(0-16)  100%        4
 Cause Fear               Hex            0%         N/A       100%        4
 Flame Wave               Conj/Fire      0%         2d4       100%        4
 Fulminant Prism          Conj/Hex       0%         3d5       100%        4
 Petrify                  Tmut/Erth      0%         N/A       100%        4
 Summon Ice Beast         Ice/Summ       0%         N/A       100%        4
 Summon Lightning Spire   Summ/Air       0%         N/A       100%        4
 Agony                    Necr           0%         N/A       100%        5
 Alistair's Intoxication  Tmut/Pois      0%         N/A       100%        5
 Arcjolt                  Conj/Air       0%         1d10      100%        5
 Fireball                 Conj/Fire      0%         3d3       100%        5
 Freezing Cloud           Conj/Ice/Air   0%         6-21      100%        5
 Irradiate                Conj/Tmut      0%         3d11      100%        5
 Silence                  Hex/Air        0%         N/A       100%        5
 Summon Forest            Summ/Tloc      0%         N/A       100%        5
 Conjure Ball Lightning   Conj/Air       0%         3x3d6     100%        6
 Plasma Beam              Fire/Air       0%         2x1d11    100%        6
 Starburst                Conj/Fire      0%         6d3       100%        6
 Summon Cactus Giant      Summ           0%         N/A       100%        6
 Dragon Form              Tmut           0%         N/A       100%        7
 Malign Gateway           Summ/Tloc      0%         N/A       100%        7
 Summon Hydra             Summ           0%         N/A       100%        7
 Maxwell's Capacitive Co  Air            0%         ∞         100%        8
 Dragon's Call            Summ           0%         N/A       100%        9


Dungeon Overview and Level Annotations

Branches:
Dungeon (12/15)            Temple (0/1) D:4            Lair (5/5) D:11
 Shoals (2/4) Lair:3       Spider (0/4) Lair:3        Slime (0/5) Lair:5
    Orc (0/2) D:12        Ossuary (visited)          Bailey (visited)

Altars:
Cheibriados
Dithmenos
Fedhas
Makhleb
Sif Muna
Trog
Uskayaw
Vehumet
Xom
Jiyva


Innate Abilities, Weirdness & Mutations

((You are very nimble when in or above water. (Stealth+, EV+, Speed+++)))
Your lower body shifts to a powerful aquatic tail in water.
Your body sometimes deteriorates upon taking damage.
You occasionally lose the ability to read scrolls when taking damage.


Message History

Aim: a merfolk javelineer, wielding a +0 spear, wearing a +0 leather armour and quivering javelins (moderately wounded, about 23% to evade the +9 lance "Wyrmbane")
You impale the merfolk javelineer!!
The merfolk javelineer is heavily wounded.
The merfolk javelineer throws a javelin.
The javelin pierces through you! The dream sheep misses you.
The dream sheep completely misses you.
The merfolk javelineer throws a silver javelin.
The silver javelin pierces through you!
* * * LOW HITPOINT WARNING * * *
The silver sears you!
* * * LOW HITPOINT WARNING * * *
The silver javelin closely misses the dream sheep.
Unknown command.
Reach: I) +9 lance "Wyrmbane" {slay drac, rPois rF+ rC+ AC+3}
Press: ? - help, Dir - move target, f/p - merfolk javelineer
Aim: a merfolk javelineer, wielding a +0 spear, wearing a +0 leather armour and quivering javelins (heavily wounded, about 23% to evade the +9 lance "Wyrmbane")
You puncture the merfolk javelineer!
The merfolk javelineer is severely wounded.
The merfolk misses you.
The merfolk avatar chants its luring song.
The merfolk hits you with a +0 trident!
* * * LOW HITPOINT WARNING * * *
Unknown command.
Reach: I) +9 lance "Wyrmbane" {slay drac, rPois rF+ rC+ AC+3}
Press: ? - help, Dir - move target, f/p - merfolk javelineer
Aim: a merfolk javelineer, wielding a +0 spear, wearing a +0 leather armour and quivering javelins (severely wounded, about 23% to evade the +9 lance "Wyrmbane")
You closely miss the merfolk javelineer.
The merfolk javelineer is severely wounded.
You block the merfolk javelineer's attack.
The merfolk javelineer throws a silver javelin.
The silver javelin closely misses you.
The silver javelin pierces through the dream sheep!!
The dream sheep dies!
The dream sheep completely misses you.
The merfolk hits you from afar with a +0 trident!
* * * LOW HITPOINT WARNING * * *
The merfolk avatar chants its luring song.
The merfolk hits you with a +0 trident!!
You feel threatened and lose the ability to read scrolls!
You die...

..###.....~~~~~~~~~~~~(
.~.##.....~~~≈≈~~~~~~~.~
....>....~~~~~~~~~~~~~~~
...~....~~~~~~~~~~~~~~~~
.....~~.~~~~~~~~~~~~~~~~
.#..~~~~~~~~~†~~.....~~[
###..~~~~~~~~~........~~
# #..~~~~~~~...†Y......
# #..~~~~~~..##@m####.
####..~~~~~:..#mm.m≈....
..#.....~~~...#..m≈≈...#
.........~~...#..####..#
.....###.~~...#... .#
...#####.~~~..#... #
#...###..~~~~.#..#
.........~~~~~#≈≈#
.........~~...#


You could see a merfolk avatar (mesmerising), 2 merfolk javelineers, 2 merfolk
and a dream sheep.

Vanquished Creatures
  Kirke (Lair:4)
  A kraken (Shoals:1)
  Donald (Shoals:1)
  Josephine (Lair:4)
  2 hydras
  A catoblepas (Lair:3)
  A boulder beetle (D:11)
  A merfolk aquamancer (Shoals:2)
  8 death yaks
  3 sea snakes
  4 skysharks
  4 harpies (Shoals:1)
  An orange crystal statue (D:11)
  Pikel (D:8)
  4 manticores
  4 fauns
  2 water nymphs
  A slime creature (D:12)
  9 elephants
  3 black mambas
  A demonic crawler (Lair:4)
  20 cane toads
  2 merfolk sirens
  3 gargoyles
  Maggie (D:6)
  The ghost of lasso the Caller, a novice GnSu (D:6)
  4 torpor snails
  An unseen horror (D:12)
  7 komodo dragons
  A yaktaur (Shoals:1)
  A kobold demonologist (D:6)
  3 rime drakes
  A queen bee (Lair:4)
  5 polar bears
  3 meliai (Lair:4)
  2 trolls
  6 merfolk
  2 tyrant leeches (Lair:5)
  12 blink frogs
  A hornet (D:10)
  2 snapping turtles (Shoals:1)
  17 dream sheep
  4 wyverns
  54 yaks
  A water elemental (Shoals:2)
  2 culicivoras (Lair:3)
  2 vampires
  3 hogs (Lair:4)
  3 wraiths (Lair:4)
  Grum (D:8)
  7 vampire mosquitoes
  2 steam dragons
  4 swamp worms (Lair:4)
  3 acid dragons
  7 water moccasins
  9 orc warriors
  A sky beast (D:7)
  3 black bears
  2 hornet zombies (Ossuary)
  2 ice beasts
  7 wolves
  2 centaurs
  A lemure (D:8)
  10 kobold brigands
  A gnoll sergeant (D:7)
  18 bullfrogs
  2 wyvern zombies (Ossuary)
  3 scorpions
  A water moccasin zombie (Ossuary)
  13 wights
  39 killer bees
  4 electric eels
  8 vampire bats (Bailey)
  A howler monkey (D:9)
  7 wolf zombies (Bailey)
  4 lava snakes (D:11)
  5 centaur zombies (Ossuary)
  A wyvern simulacrum (D:9)
  8 bullfrog zombies (Ossuary)
  10 orc priests
  4 hounds
  A jelly (D:6)
  3 iron imps (D:9)
  Jessica (D:2)
  13 orc wizards
  3 sleepcaps
  Natasha (twice) (D:2)
  3 iguanas
  2 killer bee zombies (Ossuary)
  2 centaur simulacra (D:9)
  10 mummies (Ossuary)
  A howler monkey zombie (Ossuary)
  3 gnolls (D:7)
  10 adders
  A white imp (D:6)
  2 ufetubi (D:9)
  2 worms (D:2)
  A dart slug (D:2)
  45 orcs
  3 bats
  2 endoplasms
  2 giant cockroaches
  4 goblins
  6 hobgoblins
  3 jackals (D:3)
  5 quokkas
  4 ball pythons
  3 frilled lizards (D:2)
  22 kobolds
  22 orc zombies (Bailey)
  2 rats
  A butterfly (Lair:2)
  3 tentacles (Shoals:1)
595 creatures vanquished.

Vanquished Creatures (others)
  A merfolk (Shoals:1)
  A dream sheep (Shoals:2)
  11 tentacles (Shoals:1)
13 creatures vanquished.

Grand Total: 608 creatures vanquished

Notes
Turn   | Place    | Note
-------+----------+-------------------------------------------
     0 | D:1      | Graphine the Merfolk Gladiator began the quest for the Orb.
     0 | D:1      | Reached XP level 1. HP: 16/16 MP: 1/1
   166 | D:1      | You fall into a shaft and drop 1 floor!
   239 | D:2      | Reached XP level 2. HP: 14/23 MP: 2/2
   296 | D:2      | Noticed Natasha
   303 | D:2      | Killed Natasha
   304 | D:2      | Reached XP level 3. HP: 22/28 MP: 3/3
   695 | D:1      | Reached XP level 4. HP: 24/34 MP: 4/4
   836 | D:1      | Found a faded altar of an unknown god.
   839 | D:1      | Prayed at the altar of an unknown god.
   839 | D:1      | Became a worshipper of Sif Muna the Loreminder
   839 | D:1      | Reached * piety under Sif Muna
   907 | D:2      | Reached skill level 5 in Polearms
   914 | D:2      | Noticed Natasha
   923 | D:2      | Killed Natasha
  1106 | D:2      | Noticed Jessica
  1115 | D:2      | Killed Jessica
  1152 | D:2      | Reached XP level 5. HP: 40/40 MP: 5/5
  1843 | D:3      | Noticed a black bear
  1856 | D:3      | Killed a black bear
  1857 | D:3      | Reached skill level 5 in Dodging
  1857 | D:3      | Reached XP level 6. HP: 27/47 MP: 6/6
  2452 | D:4      | Reached ** piety under Sif Muna
  2470 | D:4      | Found a staircase to the Ecumenical Temple.
  2922 | D:5      | Entered Level 5 of the Dungeon
  2948 | D:5      | Identified the +5 ring mail "Uraas" {rPois SInv}
  2979 | D:5      | Reached XP level 7. HP: 53/53 MP: 7/7
  3275 | D:5      | Reached skill level 5 in Throwing
  3649 | D:6      | Reached skill level 6 in Dodging
  3668 | D:6      | Reached XP level 8. HP: 60/60 MP: 8/8
  3714 | D:6      | Found a shadowy altar of Dithmenos.
  3714 | D:6      | Found a snail-covered altar of Cheibriados.
  3714 | D:6      | Found a hide-covered altar of Uskayaw.
  3787 | D:6      | Found a sand-covered staircase.
  3847 | Ossuary  | Entered an ossuary
  3864 | Ossuary  | Reached *** piety under Sif Muna
  3972 | Ossuary  | Reached skill level 5 in Fighting
  4000 | Ossuary  | Reached skill level 7 in Dodging
  4087 | Ossuary  | Reached XP level 9. HP: 68/68 MP: 9/9
  4272 | Ossuary  | Reached skill level 10 in Polearms
  4452 | D:6      | Noticed Maggie
  4465 | D:6      | Killed Maggie
  4588 | D:6      | Found a bloodstained altar of Trog.
  4605 | D:6      | Reached **** piety under Sif Muna
  4682 | D:6      | Found a runed translucent gate.
  4682 | D:6      | Found a runed translucent gate.
  4682 | D:6      | Found a runed translucent gate.
  4682 | D:6      | Noticed a kobold demonologist
  4682 | D:6      | Noticed lasso's ghost (novice GnSu)
  4708 | D:6      | Gained mutation: Your body sometimes deteriorates upon
                  | taking damage. [potion of mutation]
  4708 | D:6      | Gained mutation: You occasionally lose the ability to read
                  | scrolls when taking damage. [potion of mutation]
  4712 | D:6      | Noticed a smoke demon
  4725 | D:6      | Noticed an ice devil
  4725 | D:6      | Killed a kobold demonologist
  4726 | D:6      | Reached skill level 8 in Dodging
  4983 | D:6      | Reached XP level 10. HP: 77/77 MP: 10/10
  5032 | D:6      | Killed lasso's ghost
  5275 | D:7      | Found a shimmering altar of Xom.
  6389 | D:8      | Noticed Grum
  6401 | D:8      | Killed Grum
  6402 | D:8      | Reached skill level 9 in Dodging
  6578 | D:8      | Reached ***** piety under Sif Muna
  6793 | D:8      | Received a gift from Sif Muna
  6832 | D:8      | Got Sif Muna's Meditations on Snowy Gusts {god gift}
  6872 | D:8      | Noticed Pikel
  6889 | D:8      | Killed Pikel
  6890 | D:8      | Reached XP level 11. HP: 75/84 MP: 11/11
  7256 | D:9      | Reached skill level 10 in Throwing
  7592 | D:9      | Reached skill level 10 in Dodging
  7833 | D:9      | Found a blossoming altar of Fedhas.
  7858 | D:9      | Found a flagged portal.
  7872 | Bailey   | Entered a bailey
  8049 | Bailey   | Received a gift from Sif Muna
  8052 | Bailey   | Got Sif Muna's Volume of Convocation {god gift}
  8384 | Bailey   | Identified the +3 leather armour of the Gastropod {Will+
                  | rCorr Str-3}
  8564 | D:9      | Found a burning altar of Makhleb.
  8722 | D:10     | Entered Level 10 of the Dungeon
  8934 | D:10     | Received a gift from Sif Muna
  9131 | D:10     | Reached XP level 12. HP: 94/94 MP: 12/12
  9172 | D:10     | Reached skill level 15 in Polearms
  9306 | D:10     | Found a radiant altar of Vehumet.
  9355 | D:10     | Reached skill level 11 in Dodging
  9719 | D:11     | Noticed a death yak
  9719 | D:11     | Noticed a death yak
  9721 | D:11     | Noticed a death yak
  9723 | D:11     | Noticed a death yak
  9724 | D:11     | Noticed a death yak
  9750 | D:11     | Killed a death yak
  9761 | D:11     | Killed a death yak
  9765 | D:11     | Killed a death yak
  9776 | D:11     | Killed a death yak
  9787 | D:11     | Killed a death yak
 10006 | D:11     | Found a staircase to the Lair.
 10152 | D:11     | Noticed a boulder beetle
 10412 | D:11     | Noticed a boulder beetle
 10429 | D:11     | Killed a boulder beetle
 10752 | D:12     | Found a staircase to the Orcish Mines.
 11033 | D:12     | Reached skill level 12 in Dodging
 11237 | D:12     | Reached skill level 10 in Fighting
 11395 | Lair:1   | Entered Level 1 of the Lair of Beasts
 12304 | Lair:2   | Reached XP level 13. HP: 96/104 MP: 13/13
 12390 | Lair:2   | Reached skill level 13 in Dodging
 12859 | Lair:2   | Received a gift from Sif Muna
 12903 | Lair:2   | Reached skill level 14 in Dodging
 13377 | Lair:3   | Found a hole to the Spider Nest.
 13507 | Lair:3   | You fall into a shaft and drop 2 floors!
 13507 | Lair:5   | Entered Level 5 of the Lair of Beasts
 13538 | Lair:5   | Reached skill level 15 in Dodging
 13619 | Lair:5   | Reached skill level 16 in Dodging
 13810 | Lair:5   | Reached skill level 17 in Dodging
 13838 | Lair:5   | Identified the staff of cold "Gagout" {rC+ Str+4}
 13841 | Lair:5   | Identified the staff of death "Fiwydgh" {Fly rPois rC++
                  | rN+}
 13869 | Lair:5   | Received a gift from Sif Muna
 13870 | Lair:5   | Reached XP level 14. HP: 51/115 MP: 14/14
 14044 | Lair:5   | Got Sif Muna's Annotations on the Boreal Jaunt {god gift}
 14110 | Lair:5   | Identified the +2 leather armour of Qori Cac {rPois MP+9
                  | Str+2 Slay+3}
 14161 | Lair:5   | Reached skill level 18 in Dodging
 14166 | Lair:5   | Reached skill level 1 in Invocations
 14838 | Lair:5   | Found a staircase to the Slime Pits.
 14841 | Lair:5   | Found a viscous altar of Jiyva.
 14919 | Lair:4   | Noticed Josephine
 14930 | Lair:4   | Reached skill level 5 in Invocations
 14940 | Lair:4   | Killed Josephine
 14991 | Lair:4   | Found the +3 crown of Dyrovepreva {rElec Int+2 SInv}
 15428 | Lair:4   | Identified the staff of poison "Hoadiwaco" {rPois Will-
                  | Int+5}
 15685 | Lair:4   | Received a gift from Sif Muna
 15692 | Lair:4   | Got Sif Muna's Parchment of Breezy Hexing {god gift}
 15906 | Lair:4   | Noticed Kirke
 15935 | Lair:4   | Killed Kirke
 16196 | Lair:3   | Reached skill level 10 in Invocations
 16356 | Lair:3   | Found a staircase to the Shoals.
 16415 | Lair:3   | Got Cuemuul's Disquisition on Accompaniment
 16636 | Shoals:1 | Entered Level 1 of the Shoals
 16835 | Shoals:1 | Reached XP level 15. HP: 88/120 MP: 23/23
 17425 | Shoals:1 | Noticed Donald
 17428 | Shoals:1 | Noticed a kraken
 18294 | Shoals:1 | Killed a kraken
 18598 | Shoals:1 | Killed Donald
 18832 | Shoals:2 | Reached skill level 1 in Shields
 18967 | Shoals:2 | Mangled by a merfolk

Illustrated notes

Levels and vault maps discovered:
D:1:      pf_arrival_petrified_forest, layout_basic,
          chequers_ecumenical_altar_grove
D:2:      layout_loops_corners, corexii_shack, minivault_4,
          minmay_misc_feat_rows, uniq_natasha, uniq_jessica
D:3:      layout_loops_ring
D:4:      layout_cave_pools, minmay_temple_entry_junction,
          minmay_misc_feat_enclosed
D:5:      layout_loops_cross
D:6:      layout_cave_pools, mainiacjoe_overflow_concentric_impassable,
          gammafunk_temple_overflow_forgotten,
          nicolae_ossuary_entry_false_entrances, gammafunk_ghost_nasty_kobolds,
          uniq_maggie
D:7:      layout_loops_corners, lemuel_crystal_altar
D:8:      nicolae_cairo_tiling_large, layout_rooms, minmay_misc_feat_diagonals,
          uniq_grum, uniq_pikel
D:9:      layout_irregular_city, mainiacjoe_overflow_24_doors, demons_altar,
          serial_ice, serial_ice_h, serial_ice_l, serial_ice_m, serial_ice_g,
          enter_bailey_2
D:10:     layout_roguey, lemuel_tele_altar
D:11:     layout_loops_ring, dpeg_lair_monsters, disabler_island
D:12:     layout_roguey, orc_0_dummy
Lair:1:   layout_roguey, lemuel_fruit_tree, grunt_megastairs_1
Lair:2:   nzn_winding_woodlands_three_and_one
          [nzn_winding_woodlands_5x15_default,
          nzn_winding_woodlands_5x15_zeroes,
          nzn_winding_woodlands_5x15_longhouse,
          nzn_winding_woodlands_center_garden], layout_hall_layers,
          beast_lair_carwin_9, lemuel_fruit_fields, lemuel_fruit_fields
Lair:3:   layout_hall_layers, elwin_shoals_entry_rooms,
          hellmonk_spider_entry_life_and_decay, infiniplex_staircase_pool
Lair:4:   layout_roguey, special_room [special_room_bee], ldierk_geyser,
          worms_lemuel, uniq_kirke, uniq_josephine
Lair:5:   minmay_lair_end_frog_pond, layout_gridlike, slime_entry_1,
          grunt_megastairs_3, infiniplex_staircase_pool_2
Shoals:1: layout_shoals, nicolae_shoals_land_atoll, yaktaur_hedge, uniq_donald
Shoals:2: layout_shoals, nicolae_shoals_water_booths

Skill      XL: |  1  2  3  4  5  6  7  8  9 10 11 12 13 14 15 |
---------------+----------------------------------------------+-----
Polearms       | 5 6 7 9 11 13 14 16 | 16.0
Throwing       | 3 4 5 6 8 9 11 12 | 12.0
Fighting       | 3 4 5 6 7 8 10 12 | 12.0
Dodging        | 5 6 7 8 9 10 12 17 18 | 18.0
Invocations    | 11 13 | 13.0
Shields        | 2 |  2.2

Action                     |  1- 3 |  4- 6 |  7- 9 | 10-12 | 13-15 || total
---------------------------+-------+-------+-------+-------+-------++-------
  Melee: Trident           |    60 |   137 |   329 |       |       ||   526
         Punch             |       |       |     1 |     6 |    17 ||    24
         Lance             |       |       |    53 |   776 |  1084 ||  1913
         Tailslap          |       |       |     1 |     1 |    28 ||    30
  Throw: Throwing net      |     1 |     1 |     2 |     2 |       ||     6
         Stone             |       |     8 |       |    44 |    14 ||    66
         Boomerang         |       |     6 |    37 |     5 |       ||    48
         Dart              |       |       |     2 |    96 |    38 ||   136
         Javelin           |       |       |       |     2 |       ||     2
  Evoke: Box of beasts     |       |       |       |       |     1 ||     1
    Use: Scroll            |       |     6 |     3 |    13 |     7 ||    29
         Potion            |       |       |     6 |     1 |     2 ||     9
   Stab: Sleeping          |       |     3 |       |       |       ||     3
         Distracted        |       |       |     2 |       |     1 ||     3
 Armour: Leather armour    |     8 |    12 |       |       |    80 ||   100
         Ring mail         |       |     5 |   102 |    86 |    73 ||   266
  Dodge: Dodged            |    25 |    98 |   230 |   344 |   718 ||  1415
  Block: Other             |       |       |       |    37 |    83 ||   120
         Reflection        |       |       |       |     2 |     6 ||     8
         Kite shield       |       |       |       |       |    27 ||    27
